 Dungeon Crawl Stone Soup version 0.18-a0-888-gdb73dea (webtiles) character file.

87 filipzpl the Cudgeler (level 4, -2/29 HPs)
             Began as a Gargoyle Berserker on Dec 23, 2015.
             Was a Believer of Trog.
             Killed from afar by dvd's ghost (5 damage)
             ... with a magic dart
             ... on level 3 of the Dungeon.
             The game lasted 00:04:48 (1418 turns).

filipzpl the Cudgeler (Gargoyle Berserker)          Turns: 1418, Time: 00:04:48

Health: -2/29      AC: 11    Str: 22    XL:     4   Next: 51%
Magic:  4/4        EV:  9    Int:  7    God:    Trog [**....]
Gold:   92         SH:  6    Dex:  9    Spells: 0 memorised, 3 levels left

rFire  . . .     SeeInvis .     a - +1 mace
rCold  . . .     Gourm    .     h - +0 scale mail
rNeg   + . .     Faith    .     l - +3 buckler
rPois  ∞         Spirit   .     j - +0 helmet
rElec  +         Dismiss  .     (no cloak)
rCorr  .         Reflect  .     (no gloves)
SustAt .         Harm     .     (no boots)
MR     .....                    (no amulet)
Stlth  ..........               (no ring)
                                (no ring)

@: not resistant to hostile enchantments, extremely unstealthy
A: negative energy resistance 1, electricity resistance, unbreathing,
petrification resistance, rot immunity, AC +3
a: Berserk, Trog's Hand, Burn Spellbooks, Renounce Religion


You were on level 3 of the Dungeon.
You worshipped Trog.
Trog was pleased with you.
You were near starving.

You visited 1 branch of the dungeon, and saw 3 of its levels.

You collected 92 gold pieces.

Inventory:

Hand Weapons
 a - a +1 mace (weapon)
Armour
 h - a +0 scale mail (worn)
 j - a +0 helmet (worn)
 l - a +3 buckler (worn)
Wands
 r - a wand of frost (20/48)
Scrolls
 b - a scroll of blinking {unknown}
 g - a scroll of enchant armour
 m - a scroll of enchant weapon
Potions
 d - a potion of curing
 e - a potion of lignification
 f - a potion of flight
 i - a potion of haste
 k - a potion of brilliance {unknown}
 o - a potion of agility {unknown}
 p - a potion of magic {unknown}
 q - a potion of degeneration {unknown}
Comestibles
 c - 4 bread rations


   Skills:
 + Level 4.0 Fighting
 + Level 4.1 Maces & Flails
 + Level 2.1 Armour
 + Level 2.2 Dodging
 + Level 0.5 Stealth
 + Level 0.4 Shields


You had 3 spell levels left.
You didn't know any spells.

Dungeon Overview and Level Annotations

Branches:
Dungeon (3/15)

Altars:
Elyvilon
Fedhas
Ru
Xom
Yredelemnul
Zin

Annotations:
D:3 dvd's ghost, amateur DECj


Innate Abilities, Weirdness & Mutations

You are resistant to torment.
Your stone body is resilient (AC +3).
You are immune to poison.
You resist negative energy.
You are resistant to electric shocks.
You can survive without breathing.
You are immune to petrification.
You are immune to rotting.


Message History

Dvd's ghost is lightly damaged.
Dvd's ghost barely misses you.
You hit dvd's ghost.
Dvd's ghost is moderately damaged.
Dvd's ghost hits you.
You hit dvd's ghost but do no damage.
Dvd's ghost is moderately damaged.
Dvd's ghost hits you.
Dvd's ghost hits you but does no damage.
You thump dvd's ghost!
Dvd's ghost is heavily damaged.
Dvd's ghost gestures at you while chanting.
The orb of energy hits you!
* * * LOW HITPOINT WARNING * * *
The orb of energy explodes!
A giant gecko comes into view.
The giant gecko moves out of view.
Dvd's ghost points at you and mumbles some strange words.
The magic dart hits you!
You die...

##########
#........#
#@######.#
#.# #.# ##W##
#.# ###...###
#.# #.......#
#.# #.#...#.#
#.#
#.##.##.###.#
# #.##.#...#
#.##.....#


You could see dvd's ghost.

Vanquished Creatures
  3 adders
  2 oozes
  2 worms (D:2)
  3 giant geckos
  A ball python (D:1)
  3 bats
  2 giant cockroaches
  2 hobgoblins
  6 kobolds
  3 quokkas
  7 giant newts
  8 goblins
  4 rats
46 creatures vanquished.

Notes
Turn   | Place    | Note
--------------------------------------------------------------
     0 | D:1      | filipzpl the Gargoyle Berserker began the quest for the Orb.
     0 | D:1      | Reached XP level 1. HP: 14/14 MP: 1/1
    76 | D:1      | Reached XP level 2. HP: 13/19 MP: 2/2
   526 | D:1      | Reached ** piety under Trog
   526 | D:1      | Reached XP level 3. HP: 15/23 MP: 3/3
   978 | D:2      | Found a glowing silver altar of Zin.
   978 | D:2      | Noticed an angel
   979 | D:2      | Found a shimmering altar of Xom.
  1084 | D:2      | Found a blossoming altar of Fedhas.
  1102 | D:2      | Found a basalt altar of Yredelemnul.
  1126 | D:2      | Found a white marble altar of Elyvilon.
  1139 | D:2      | Reached skill level 4 in Maces & Flails
  1147 | D:2      | Reached XP level 4. HP: 22/29 MP: 4/4
  1286 | D:3      | Found a sacrificial altar of Ru.
  1405 | D:3      | Noticed dvd's ghost (amateur DECj)
  1418 | D:3      | Killed from afar by dvd's ghost

Vault maps used:
D:1:      lemuel_arrival_hallway
D:2:      grunt_temple_overflow_order_and_chaos_1,
          gammafunk_temple_overflow_forgotten, first_bread, minmay_distorted
D:3:      nicolae_overflow_crystal_walls, kiku_gazebo_garden_becter

Action                   |  1- 3 |  4- 6 || total
-------------------------+-------+-------++-------
Melee: Mace              |   121 |    34 ||   155
  Use: Scroll            |       |     8 ||     8
